AoeStats
← Ken

Black Forest

508436407Analyzed
4v4 RM · 9d ago on Sep 22, 2026· 55m 6s· 8 players
Game mode
Random Map
Map size
Large (8 player)
Population
200
Speed
Normal
Resources
Standard
Victory
Conquest
Starting age
Dark Age
Ending age
Imperial Age
RankedLock teamsTeams togetherTeam positionsShared explorationLock speedFull tech treeHidden civsTurbo modeCheats
Victory
Defeat
🇧🇪 Dravidians · Belgium
1118
+15
🇧🇷 Turks · Brazil
1109
+15
🇺🇸 Italians · United States
1070
+17
🇧🇬 Bulgarians · Bulgaria
1044
+18
🇨🇳 Franks · China
1099
-17
🇨🇳 Bohemians · China
1095
-16
🇵🇪 Byzantines · Peru
1090
-16
🇻🇳 Turks · Vietnam
1083
-16
Ken
0:58 Loom
12:44 Feudal Age
17:30 Castle Age
15:42 Double-Bit Axe
24:20 Bow Saw
25:24 Wheelbarrow
28:27 Hand Cart
33:23 Imperial Age
31:16 Husbandry
31:22 Scale Barding Armor
31:28 Forging
31:47 Town Watch
34:03 Chain Barding Armor
34:54 Iron Casting
35:25 Gold Mining
36:35 Plate Barding Armor
36:51 Gold Shaft Mining
35:38 Cavalier
37:00 Stone Mining
38:11 Blast Furnace
39:43 Caravan
39:49 Paladin
43:08 Padded Archer Armor
42:58 Fletching
43:09 Scale Mail Armor
44:58 Conscription
45:20 Elite Skirmisher
46:17 Leather Archer Armor
45:57 Bodkin Arrow
46:18 Chain Mail Armor
47:46 Chemistry
47:06 Ballistics
46:41 Murder Holes
48:01 Chivalry
51:09 Masonry
51:26 Siphons
52:15 Plate Mail Armor
52:50 Light Cavalry
SOUL 360
11:25 Feudal Age
11:16 Loom
14:30 Double-Bit Axe
14:53 Horse Collar
18:30 Castle Age
18:53 Gold Mining
19:29 Bow Saw
19:19 Heavy Plow
19:28 Stone Mining
20:44 Wheelbarrow
26:55 Hand Cart
32:04 Imperial Age
29:23 Town Watch
29:39 Padded Archer Armor
30:22 Gold Shaft Mining
30:27 Town Patrol
30:52 Leather Archer Armor
33:24 Ring Archer Armor
33:54 Ballistics
33:50 Masonry
33:53 Fortified Wall
41:06 Forging
41:01 Scale Barding Armor
46:26 Iron Casting
46:11 Chain Barding Armor
47:08 Bloodlines
46:58 Husbandry
48:08 Blast Furnace
55:38 Two-Man Saw
55:16 Plate Barding Armor
55:22 Architecture
55:47 Hoardings
54:46 Crossbowman
人在阵地在
1:44 Loom
14:35 Feudal Age
21:46 Castle Age
20:01 Horse Collar
20:18 Double-Bit Axe
25:59 Heavy Plow
30:49 Imperial Age
28:09 Pikeman
32:43 Chemistry
31:06 Halberdier
32:44 Houfnice
37:04 Caravan
38:20 Scale Mail Armor
38:31 Forging
38:18 Fishing Lines
41:04 Squires
41:33 Man-at-Arms
44:14 Ballistics
47:20 Long Swordsman
49:10 Elite Hussite Wagon
Petrovich
3:32 Loom
13:09 Feudal Age
16:07 Wheelbarrow
15:27 Double-Bit Axe
17:23 Horse Collar
24:05 Castle Age
23:16 Fletching
25:10 Hand Cart
26:19 Bow Saw
26:30 Bodkin Arrow
27:20 Forging
27:12 Padded Archer Armor
32:50 Pikeman
33:30 Squires
33:13 Elite Skirmisher
36:05 Elite Skirmisher
37:28 Leather Archer Armor
36:46 Pikeman
37:27 Squires
37:13 Arson
45:09 Heavy Plow
48:54 Imperial Age
52:27 Chemistry
51:11 Treadmill Crane
51:41 Bracer
52:12 Ring Archer Armor
SwedenBirdieSkaggs236
1:25 Loom
15:17 Feudal Age
16:15 Double-Bit Axe
16:22 Gold Mining
16:12 Horse Collar
21:14 Castle Age
30:17 Wheelbarrow
31:35 Hand Cart
31:48 Heavy Plow
32:02 Bow Saw
32:09 Stone Mining
36:44 Imperial Age
34:31 Forging
34:22 Scale Mail Armor
34:22 Padded Archer Armor
34:12 Fletching
34:48 Ballistics
34:41 Masonry
34:12 Treadmill Crane
34:29 Murder Holes
34:35 Man-at-Arms
34:35 Pikeman
35:16 Squires
35:01 Arson
37:29 Bodkin Arrow
37:49 Leather Archer Armor
38:10 Iron Casting
37:51 Chain Mail Armor
37:32 Elite Skirmisher
38:17 Thumb Ring
38:41 Bracer
39:11 Ring Archer Armor
39:42 Blast Furnace
39:12 Plate Mail Armor
43:13 Conscription
42:13 Elite Genoese Crossbowman
43:31 Scale Barding Armor
44:44 Chemistry
44:15 Architecture
48:54 Pirotechnia
49:05 Silk Road
54:18 Chain Barding Armor
novko
2:25 Loom
12:17 Feudal Age
13:14 Double-Bit Axe
20:21 Castle Age
19:26 Forging
19:16 Scale Mail Armor
19:04 Horse Collar
19:26 Gold Mining
19:45 Stone Mining
20:09 Fletching
22:16 Wheelbarrow
21:50 Town Watch
29:39 Bow Saw
34:44 Imperial Age
32:51 Iron Casting
32:16 Scale Mail Armor
32:24 Scale Barding Armor
32:24 Light Cavalry
33:14 Bloodlines
33:05 Husbandry
35:05 Hussar
36:11 Gambesons
36:27 Squires
37:09 Scale Mail Armor
39:13 Onager
39:55 Stirrups
40:22 Conscription
42:51 Siege Engineers
43:47 Chemistry
44:43 Blast Furnace
43:11 Onager
44:58 Arson
49:02 Chain Mail Armor
SicariusFeroxis
11:35 Loom
13:32 Feudal Age
14:38 Double-Bit Axe
17:15 Castle Age
17:00 Loom
17:36 Fishing Lines
18:40 Bow Saw
21:35 Gillnets
23:38 Horse Collar
26:32 Wheelbarrow
25:48 Gold Mining
25:49 Stone Mining
30:54 Imperial Age
29:32 Fletching
30:04 Ballistics
29:55 Masonry
30:31 Bodkin Arrow
30:37 Padded Archer Armor
33:35 Chemistry
32:37 Heavy Plow
32:59 Thumb Ring
35:45 Leather Archer Armor
35:33 Bracer
36:29 Leather Archer Armor
36:46 Scale Barding Armor
36:51 Forging
37:25 Conscription
37:42 Medical Corps
42:24 Ring Archer Armor
42:00 Husbandry
41:20 Light Cavalry
43:24 Hand Cart
43:24 Hand Cart
45:00 Elite Skirmisher
47:33 Chain Barding Armor
53:14 Wootz Steel
TheLawRøcK®
6:34 Loom
12:47 Feudal Age
14:21 Wheelbarrow
13:34 Double-Bit Axe
16:44 Fishing Lines
19:56 Castle Age
18:04 Gold Mining
18:07 Horse Collar
20:56 Hand Cart
20:59 Gillnets
24:29 Heavy Plow
26:14 Gold Shaft Mining
30:19 Imperial Age
28:24 Ballistics
28:26 Stone Mining
29:01 Masonry
28:55 Fletching
31:42 Bow Saw
31:38 Bodkin Arrow
33:06 Bracer
34:21 Padded Archer Armor
35:02 Leather Archer Armor
35:14 Artillery
37:29 Conscription
38:11 Ring Archer Armor
40:31 Forging
40:02 Elite Janissary
46:33 Iron Casting
54:17 Bloodlines
55:13 Blast Furnace
54:19 Scale Barding Armor
Connection lost

Rejoining the realm…

Still unreachable

The connection could not be restored.

Session expired

The server has moved on; the page needs a fresh start.